 Dungeon Crawl Stone Soup version 0.01-2161-g8ec87df2bd (webtiles) character file.

Game seed: 14381609942060972765, levelgen mode: deterministic

282 KleinerIrrer the Gusty (level 6, -1/32 HPs) Silent Spectre Air Elementalist. Began on July 2, 2020. Slain by a sewer rat (6 damage) ... on level 2 of the Dungeon. The game lasted 00:06:36 (1596 turns).

KleinerIrrer the Gusty (SSAE)                       Turns: 1596, Time: 00:06:37

Health: -1/32      AC:  3    Str:  6    XL:     6 ^: 329
Magic:  1/16       EV: 15    Int: 17    God:
Gold:   40         SH:  5    Dex: 18    Spells: 4/14 levels left

rFire    . . .     Vision   .   c - +0 sai
rCold    . . .     Gourm    .   d - +0 dagger
rNeg     + + +     Faith    .   a - +0 robe
rPois    ∞         Spirit   .   f - +0 helmet
rElec    .         Reflect  .   (no cloak)
rCorr    .         Harm     .   (no gloves)
MR       .....                  (no boots)
Stlth    ++........             (no amulet)
HPRegen  0.20/turn              (no ring)
MPRegen  0.26/turn              (no ring)

@: very slightly contaminated, silenced
A: silence aura, negative energy resistance 3, torment resistance, unbreathing,
petrification resistance, silent casting, insubstantial
a: no special abilities


You were on level 2 of the Dungeon.
You were not hungry.

You visited 1 branch of the dungeon, and saw 2 of its levels.

You collected 40 gold pieces.

Inventory:

Weapons
 d - a +0 dagger (weapon) Shields
 c - a +0 sai (weapon)
Armour
 a - a +0 robe (worn)
 f - a +0 helmet (worn)
Potions
 b - a potion of might
 e - a potion of heal wounds


   Skills:
 + Level 2.6 Dodging
 - Level 2.5 Stealth
 + Level 4.6 Spellcasting
 + Level 6.4 Air Magic


You had 4 spell levels left.
You knew the following spells:

 Your Spells              Type           Power        Failure   Level  Hunger
a - Shock                 Air            25 (25)      2%          1    N/A
b - Static Discharge      Air            25 (100)     6%          3    N/A
c - Swiftness             Chrm/Air       14 (100)     12%         2    N/A
d - Airstrike             Air            25 (200)     19%         4    N/A

Your spell library contained the following spells:

 Spells                   Type           Power        Failure   Level  Hunger
 Lightning Bolt           Air            25 (200)     45%         5    N/A

Dungeon Overview and Level Annotations

Branches:
Dungeon (2/8)

Altars:


Innate Abilities, Weirdness & Mutations

You are surrounded by an aura of unnatural quiet.
You are immune to poison.
You are immune to negative energy. (rN+++)
You are immune to unholy pain and torment.
You can survive without breathing.
You are immune to petrification.
You can communicate with gods and cast spells while silenced.
Your insubstantial form boosts your evasion and grants immunity to sticky flames, nets and constriction.


Message History

Press: ? - help, Shift-Dir - straight line, f/p - sewer rat
Aim: a sewer rat (silenced, moderately wounded (7/11))
The zap misses the sewer rat.
The sewer rat misses you (0).
Casting: Shock (safe; 2% risk of failure)
Confirm with . or Enter, or press ? or * to list all spells.
Aiming: Shock (safe; 2% risk of failure)
Press: ? - help, Shift-Dir - straight line, f/p - sewer rat
Aim: a sewer rat (silenced, moderately wounded (7/11))
The zap misses the sewer rat.
You block the sewer rat's attack. x2
Casting: Shock (safe; 2% risk of failure)
Confirm with . or Enter, or press ? or * to list all spells.
Aiming: Shock (safe; 2% risk of failure)
Press: ? - help, Shift-Dir - straight line, f/p - sewer rat
Aim: a sewer rat (silenced, moderately wounded (7/11))
The zap hits the sewer rat (4).
The sewer rat is severely wounded. (3/11) HP The sewer rat bites you (7)!
* * * LOW HITPOINT WARNING * * *
The sewer rat bites you (6).
You die...

.≈≈≈≈...##.## .
..≈≈..≈≈≈#.≈##≈##
.≈≈≈≈.≈.#†..†#≈.≈ ≈≈
.≈≈≈≈≈..†....≈.# ≈≈≈
..≈≈;≈≈......### P≈≈P
.≈≈≈≈≈≈.......# #≈PP≈
≈≈≈≈≈≈P≈#.r†.≈# ##..≈≈≈
.≈≈P≈≈≈≈#≈..#####≈≈..P≈≈
.≈≈≈≈≈≈.#....#†#@.≈#
P......≈....r.#rr.##
###################


You could see 2 sewer rats.

Vanquished Creatures
  A big kobold (D:2)
  12 sewer rats (D:2)
  A worm (D:2)
  5 cinder newts
  3 oozes
  2 dart slugs (D:1)
  2 leopard geckos (D:1)
  4 giant cockroaches
  4 goblins (D:1)
  3 hobgoblins (D:1)
  13 kobolds
  2 ball pythons
  A ball python skeleton (D:2)
  5 bats (D:1)
  A bat skeleton (D:2)
  4 rats (D:1)
  2 withered plants (D:2)
65 creatures vanquished.

Vanquished Creatures (others)
  A slimehead (D:2)
  106 withered plants (D:2)
107 creatures vanquished.

Grand Total: 172 creatures vanquished

Notes
Turn   | Place    | Note
-------+----------+-------------------------------------------
     0 | D:1      | KleinerIrrer the Silent Spectre Air Elementalist began the
                  | quest for the Orb.
     0 | D:1      | Reached XP level 1. HP: 10/10 MP: 6/6
    85 | D:1      | Reached skill level 4 in Air Magic
   114 | D:1      | Reached XP level 2. HP: 15/15 MP: 0/8
   253 | D:1      | Reached XP level 3. HP: 19/19 MP: 6/10
   378 | D:1      | Reached skill level 5 in Air Magic
   500 | D:1      | Reached XP level 4. HP: 24/24 MP: 6/11
   581 | D:1      | Learned a level 3 spell: Static Discharge
   584 | D:1      | Learned a level 2 spell: Swiftness
  1136 | D:2      | Reached XP level 5. HP: 23/28 MP: 3/13
  1420 | D:2      | Reached skill level 6 in Air Magic
  1518 | D:2      | Learned a level 4 spell: Airstrike
  1584 | D:2      | Reached XP level 6. HP: 14/32 MP: 6/16
  1596 | D:2      | Slain by a sewer rat

Levels and vault maps discovered:
D:1:      lightli_arrival_windingriver, layout_loops_ring
D:2:      layout_sewer, first_ration, serial_column_ruins, column_ruins_hut,
          column_ruins_square_large, column_ruins_corridor_straight,
          column_ruins_open_tiny, column_ruins_grid_2, column_ruins_grid_2,
          minmay_misc_feat_square

Skill      XL: |  1  2  3  4  5 |
---------------+----------------+-----
Air Magic      | 4 5 6 |  6.4
Spellcasting   | 3 4 |  4.6
Dodging        | |  2.6
Stealth        | |  2.5

Action                   |  1- 3 |  4- 6 || total
-------------------------+-------+-------++-------
Melee: Sai               |       |    12 ||    12
       Dagger            |       |    11 ||    11
 Cast: Shock             |    72 |    91 ||   163
Armor: Robe              |       |     3 ||     3
Dodge: Dodged            |    10 |    23 ||    33
Block: Sai               |       |    11 ||    11
